 Dungeon Crawl Stone Soup version 0.26-a0-652-gafc20e3620 (webtiles) character file.

Game seed: 6171078058988513546

360 Decritt the Shield-Bearer (level 6, -9/56 HPs)
             Began as a Minotaur Fighter on Oct 2, 2020.
             Shot with an arrow by a centaur (11 damage)
             ... on level 5 of the Dungeon.
             The game lasted 00:14:12 (4330 turns).

Decritt the Shield-Bearer (Minotaur Fighter)        Turns: 4330, Time: 00:14:12

Health: -9/56      AC:  9    Str: 23    XL:     6   Next: 38%
Magic:  14/14      EV:  8    Int:  5    God:
Gold:   318        SH: 10    Dex:  9    Spells: 5/5 levels left

rFire    . . .     SeeInvis .   i - +2 spear (freeze)
rCold    . . .     Faith    .   c - +0 kite shield
rNeg     . . .     Spirit   .   b - +0 scale mail
rPois    .         Reflect  .   (helmet restricted)
rElec    .         Harm     .   (no cloak)
rCorr    .         Rampage  .   s - +1 pair of gloves
MR       .....                  (no boots)
Stlth    ..........             (no amulet)
HPRegen  0.18/turn              o - ring of magical power
MPRegen  0.14/turn              (no ring)

@: no status effects
A: retaliatory headbutt, horns 2
a: no special abilities


You were on level 5 of the Dungeon.
You visited 1 branch of the dungeon, and saw 5 of its levels.

You collected 318 gold pieces.

Inventory:

Hand Weapons
 a - a +0 war axe
 i - a +2 spear of freezing (weapon)
Missiles
 r - 12 boomerangs (quivered)
Armour
 b - a +0 scale mail (worn)
 c - a +0 kite shield (worn)
 s - a +1 pair of gloves (worn)
Jewellery
 o - a ring of magical power (left hand)
Scrolls
 e - a scroll of enchant armour
 g - 3 scrolls of remove curse
 k - 6 scrolls of identify
 l - 3 scrolls of enchant weapon
 p - 2 scrolls of immolation
Potions
 d - 3 potions of might
 h - a potion of magic {unknown}
 j - 2 potions of brilliance
 m - a potion of lignification {unknown}
 n - a potion of degeneration {unknown}
 q - a potion of flight {unknown}


   Skills:
 + Level 5.3 Fighting
 + Level 4.5 Axes
 + Level 0.3 Throwing
 + Level 5.3 Armour
 + Level 5.3 Shields


You had 5 spell levels left.
You didn't know any spells.
Your spell library was empty.

Dungeon Overview and Level Annotations

Branches:
Dungeon (5/15)
 Temple: D:4-7

Altars:
Okawaru
Sif Muna


Innate Abilities, Weirdness & Mutations

You reflexively headbutt those who attack you in melee.
You have a pair of horns on your head.


Message History

You feel better.
The centaur shoots an arrow.
The arrow barely misses you.
The centaur shoots an arrow.
The arrow hits you.
* * * LOW HITPOINT WARNING * * *
You feel better.
The centaur shoots an arrow.
You block the arrow.
The centaur shoots an arrow.
The arrow hits you.
* * * LOW HITPOINT WARNING * * *
As you read the scroll labeled OLURPH RUFOF, it crumbles to dust.
The creatures around you are filled with an inner flame!
It was a scroll of immolation.
The centaur shoots an arrow.
You block the arrow.
The centaur shoots an arrow.
You block the arrow.
The centaur shoots an arrow.
The arrow hits you but does no damage.
The centaur shoots an arrow.
The arrow hits you.
* * * LOW HITPOINT WARNING * * *
A leopard gecko comes into view.
The leopard gecko hisses angrily.
The centaur shoots an arrow.
The arrow hits you.
* * * LOW HITPOINT WARNING * * *
You see here an arrow.
The centaur shoots an arrow.
The arrow hits you!
You die...

##.#..####........####..........
..##..####........###...........
.........#.......##.............
#....#...).......#....(((......#
########..##........(.cc?.......
#.###.....#..............
#........ #.((#..........
###......##(###..........
##....@(..#....c......
.......................
.......................
#..................
#................
..##............. .
#..##.l....... ... .........


You could see 2 centaurs and a leopard gecko.

Vanquished Creatures
  A gnoll shaman (D:4)
  2 hounds
  An orc wizard (D:3)
  2 worker ants
  5 adders
  4 gnolls
  A howler monkey skeleton (D:4)
  A white imp (D:5)
  An adder skeleton (D:4)
  A worm (D:3)
  A dart slug (D:2)
  3 leopard geckos
  8 orcs
  A ball python (D:1)
  5 bats
  4 giant cockroaches
  5 goblins
  12 hobgoblins
  5 quokkas
  A ball python skeleton (D:4)
  7 frilled lizards
  10 kobolds
  A leopard gecko skeleton (D:4)
  6 rats
88 creatures vanquished.

Notes
Turn   | Place    | Note
-------+----------+-------------------------------------------
     0 | D:1      | Decritt the Minotaur Fighter began the quest for the Orb.
     0 | D:1      | Reached XP level 1. HP: 19/19 MP: 0/0
   202 | D:1      | Reached XP level 2. HP: 24/27 MP: 1/1
   629 | D:1      | Reached XP level 3. HP: 31/33 MP: 2/2
  1913 | D:2      | Reached XP level 4. HP: 40/41 MP: 3/3
  2366 | D:3      | Found a shimmering blue altar of Sif Muna.
  2567 | D:3      | Reached XP level 5. HP: 46/47 MP: 4/4
  3111 | D:3      | Found a faded altar of an unknown god.
  3285 | D:4      | Found an iron altar of Okawaru.
  3322 | D:4      | Reached skill level 5 in Armour
  3322 | D:4      | Reached skill level 5 in Shields
  3332 | D:3      | Reached skill level 5 in Fighting
  3574 | D:4      | Reached XP level 6. HP: 46/56 MP: 5/5
  4217 | D:5      | Entered Level 5 of the Dungeon
  4325 | D:5      | HP: 2/56 [centaur/arrow (11)]
  4330 | D:5      | Shot with an arrow by a centaur

Illustrated notes

Levels and vault maps discovered:
D:1:      sevenhm_arrival_forest_fort_small_6, layout_basic, minmay_bisected
D:2:      layout_loops_cross
D:3:      minmay_spotlight, layout_basic, chequers_ecumenical_altar_grove,
          led_sif_book
D:4:      layout_loops_ring, okawaru_ov_weapons_minmay
D:5:      layout_cave_pools, chequers_temple_overflow_statue_of_worship,
          gup_sewer_entry_pipe, moated_statue

Skill      XL: |  1  2  3  4  5 |
---------------+----------------+-----
Fighting       | 4 5 |  5.3
Axes           | 3 4 |  4.5
Armour         | 4 5 |  5.3
Shields        | 4 5 |  5.3
Throwing       | |  0.3

Action                   |  1- 3 |  4- 6 || total
-------------------------+-------+-------++-------
Melee: War axe           |   119 |    95 ||   214
       Headbutt          |    12 |    24 ||    36
       Spear             |       |    33 ||    33
  Use: Scroll            |       |     7 ||     7
       Potion            |       |     3 ||     3
Armor: Scale mail        |    48 |    57 ||   105
Dodge: Dodged            |    30 |    39 ||    69
Block: Kite shield       |    59 |    80 ||   139

Table legend: (Time is in decaauts)
 A = Elapsed time spent in this place.
 B = Non-inter-level travel time spent in this place.
 C = Inter-level travel time spent in this place.
 D = Time resting spent in this place.
 E = Time spent auto-exploring this place.
 F = Levels seen in this place.
 G = Mean time per level.
                   A        B        C        D        E       F      G
               +--------+--------+--------+--------+--------+-----+--------+
         Total |   4416 |   4279 |    137 |    704 |   2751 |   5 |  883.2 |
       Dungeon |   4416 |   4279 |    137 |    704 |   2751 |   5 |  883.2 |
               +--------+--------+--------+--------+--------+-----+--------+

Top non-repeatable levels by time:
     D:3: 1427 daAuts
     D:1: 1176 daAuts
     D:2: 980 daAuts
     D:4: 719 daAuts
     D:5: 112 daAuts
